Map: District de Néokirk EC (Void)

Players

Anoss

  • Race: Terran Terran
  • League: Diamond
  • Spawn Location: 7:00

IA (très facile) - Winner!

  • Race: Zerg Zerg
  • Spawn Location: 5:00

VOD

Have the link to the VOD?

Description

Time

  • Played on: April 7, 2017, 5:10 p.m.
  • Length: 4:20
Show
View Real Time Build Order
Export as new Build Order

Anoss Terran 

Build Orders:  

Get SALT Encoding   

  12  0:02  SCV  
  13  0:14  SCV  
  14  0:23  Supply Depot  
  14  0:27  SCV  
  15  0:37  Refinery  
  15  0:44  SCV  
  16  0:52  Barracks  
  16  0:59  SCV  
  18  1:11  SCV  
  18  1:18  Refinery  
  18  1:24  SCV  
  19  1:37  SCV  
  20  1:47  Reaper  
  21  1:55  Factory  
  21  1:59  Orbital Command  
  21  2:09  Supply Depot  
  21  2:22  Barracks Reactor  
  21  2:31  SCV  
  22  2:42  Widow Mine  
  24  2:50  Starport  
  24  2:55  SCV  
  25  3:01  Marine  
  25  3:03  Marine  
  27  3:11  SCV  
  28  3:13  Widow Mine  
  30  3:24  Supply Depot  
  30  3:27  Marine  
  31  3:45  Medivac, SCV, Marine  
  35  3:57  SCV  
  35  4:00  Supply Depot  
Show
View Real Time Build Order
Export as new Build Order

IA (très facile) Zerg - Winner!

Build Orders: Hatch First 

Get SALT Encoding   

  12  0:01  Drone  
  13  0:13  Overlord  
  13  0:18  Drone  
  14  0:45  Hatchery  
  14  0:46  Drone  
  14  1:04  Spawning Pool, Extractor  
  13  1:09  Drone  
  13  1:16  Drone  
  14  1:21  Overlord  
  14  1:50  Zergling x2  
  14  1:53  Zergling x2, Queen  
  18  2:00  Roach Warren  
  17  2:05  Drone  
  18  2:12  Extractor  
  17  2:16  Drone  
  17  2:21  Zergling x2  
  19  2:26  Drone  
  20  2:33  Drone  
  21  2:41  Drone  
  22  2:48  Drone  
  23  2:55  Drone  
  24  3:02  Drone  
  25  3:09  Drone  
  25  3:11  Roach  
  28  3:17  Overlord  
  28  3:22  Drone  
  29  3:29  Drone  
  30  3:36  Drone  
  31  3:43  Drone  
  32  3:51  Drone  
  32  3:54  Overlord  
  33  3:58  Drone  
  33  4:00  Roach  
  36  4:05  Drone  
Tags
 
Add a new tag
Caveats
  • Supply blocks, unpowered buildings, or Contaminate may cause inaccurate times.
  • Supply counts are checked every 10 seconds.